 Dungeon Crawl Stone Soup version 0.30-a0-219-gf2db51d15e (webtiles) character file.

Game seed: 9468643318181457059

76 KennySheep the Vexing (level 4, -2/24 HPs)
             Began as a Deep Elf Hexslinger on Oct 6, 2022.
             Killed from afar by a white imp (12 damage)
             ... with a puff of frost
             ... summoned by Natasha
             ... on level 2 of the Dungeon.
             The game lasted 00:05:14 (1310 turns).

KennySheep the Vexing (Deep Elf Hexslinger)         Turns: 1310, Time: 00:05:14

Health: -2/24      AC:  2    Str:  7    XL:     4   Next: 12%
Magic:  9/10       EV: 13    Int: 18    God:
Gold:   84         SH:  0    Dex: 17    Spells: 3/8 levels left

rFire   . . .      SeeInvis .    a - +1 sling
rCold   . . .      Faith    .    (no shield)
rNeg    . . .      Spirit   .    c - +0 robe
rPois   .          Reflect  .    (no helmet)
rElec   .          Harm     .    (no cloak)
rCorr   .          Rampage  .    (no gloves)
Will    .....                    (no boots)
Stlth   ++........               (no amulet)
HPRegen 0.24/turn                (no ring)
MPRegen 0.12/turn                (no ring)

@: slowed, very slow
A: no striking features
a: no special abilities


You were on level 2 of the Dungeon.
You visited 1 branch of the dungeon, and saw 2 of its levels.

You collected 84 gold pieces.

Inventory:

Hand Weapons
 a - a +1 sling (weapon)
Armour
 c - a +0 robe (worn)
Jewellery
 h - a ring of resist corrosion
Scrolls
 b - a scroll of poison
 i - a scroll of noise {unknown}
 j - a scroll of identify {unknown}
 k - a scroll of enchant weapon {unknown}
Potions
 e - a potion of invisibility {unknown}
 f - a potion of degeneration {unknown}
 g - a potion of lignification {unknown}


   Skills:
 - Level 0.7 Fighting
 * Level 4.6 Ranged Weapons
 - Level 2.4 Dodging
 + Level 2.8 Spellcasting
 + Level 4.7 Hexes


You had 3 spell levels left.
You knew the following spells:

 Your Spells              Type           Power      Damage    Failure   Level
a - Slow                  Hex            76%        N/A       2%          1
b - Cause Fear            Hex            9%         N/A       24%         4

Your spell library contained the following spells:

 Spells                   Type           Power      Damage    Failure   Level
 Inner Flame              Hex/Fire       11%        N/A       19%         3
 Portal Projectile        Hex/Tloc       22%        N/A       19%         3
 Cigotuvi's Dreadful Rot  Necr/Pois/Air  4%         N/A       26%         2
 Poisonous Vapours        Pois/Air       4%         N/A       26%         2
 Mephitic Cloud           Conj/Pois/Air  2%         N/A       45%         3


Dungeon Overview and Level Annotations

Branches:
Dungeon (2/15)

Altars:

Annotations:
D:2 Natasha


Message History

Natasha stares at you and mumbles some strange words.
The magic dart hits you!
You shoot a sling bullet. The sling bullet hits Natasha.
Natasha is lightly wounded.
Natasha claws you.
You shoot a sling bullet. The sling bullet barely misses Natasha.
Natasha claws you.
You shoot a sling bullet.
The sling bullet hits Natasha but does no damage.
Natasha is lightly wounded.
You shoot a sling bullet. The sling bullet barely misses Natasha.
You hear a shout!
Natasha claws you.
* * * LOW HITPOINT WARNING * * *
You shoot a sling bullet.
The sling bullet closely misses Natasha.
Natasha howls an incantation.
Natasha's front paws start to glow.
Natasha stares at you and mumbles some strange words.
You feel yourself slow down.
Okay, then.
It was a potion of curing.
You feel better. Natasha claws you. Natasha attacks as you move away!
Natasha barely misses you.
A goblin comes into view. It is wielding a +0 dagger.
Natasha casts a spell at you. You resist with some effort.
You shoot a sling bullet.
The sling bullet closely misses the bat.
The bat completely misses you. The bat hits you but does no damage.
The bat closely misses you. Natasha misses you.
Natasha attacks as you move away! Natasha closely misses you.
The bat barely misses you. The bat hits you. Natasha attacks as you move away!
Natasha claws you. The bat misses you.
Natasha mumbles some strange words.
There is a stone staircase leading up here.
The bat misses you. x2; The bat hits you but does no damage.
The white imp gestures at you. The puff of frost hits you!
Ouch! That really hurt!
You die...

##### ####....
... #.....####
... #........# [.
#......# ..
#......# # # ###.
#.....# .# .....
##@5.###.#
#.#.#####b......#
#.......gh.....##
##.....#.##....#
#.###.#.......#
#. #.####....##.
. #............#
##
######.########
...........>#


You could see Natasha (slow), a white imp (summoned), a goblin and a bat.

Vanquished Creatures
  2 adders (D:2)
  2 worms (D:2)
  5 ball pythons (D:1)
  5 bats (D:1)
  A giant cockroach (D:2)
  6 goblins
  7 hobgoblins
  4 jackals (D:1)
  4 kobolds
  5 quokkas (D:1)
  A frilled lizard (D:1)
  2 rats (D:1)
44 creatures vanquished.

Vanquished Creatures (others)
  A fungus (D:1)
1 creature vanquished.

Grand Total: 45 creatures vanquished

Notes
Turn   | Place    | Note
-------+----------+-------------------------------------------
     0 | D:1      | KennySheep the Deep Elf Hexslinger began the quest for the
                  | Orb.
     0 | D:1      | Reached XP level 1. HP: 11/11 MP: 5/5
   115 | D:1      | Reached XP level 2. HP: 16/16 MP: 7/7
   247 | D:1      | Found a faded altar of an unknown god.
   306 | D:1      | Reached XP level 3. HP: 4/20 MP: 8/8
  1106 | D:2      | Reached XP level 4. HP: 9/24 MP: 10/10
  1196 | D:2      | Learned a level 4 spell: Cause Fear
  1292 | D:2      | Noticed Natasha
  1310 | D:2      | Killed from afar by a white imp

Illustrated notes

Levels and vault maps discovered:
D:1:      reono_arrival_forest_river, layout_basic,
          shapermc_ecumenical_altar_acropolis, hangedman_decor_points,
          hangedman_decor_slide_cut
D:2:      layout_basic, minmay_crystal_water, hangedman_decor_clover_reticule,
          uniq_natasha

Skill      XL: |  1  2  3 |
---------------+----------+-----
Ranged Weapons | 3 4 |  4.6
Spellcasting   | 2 |  2.8
Fighting       | |  0.7
Dodging        | |  2.4
Hexes          | |  4.7

Action                   |  1- 3 |  4- 6 || total
-------------------------+-------+-------++-------
 Fire: Sling             |   143 |    16 ||   159
 Cast: Slow              |     4 |     3 ||     7
  Use: Potion            |       |     1 ||     1
Armor: Robe              |    11 |     2 ||    13
Dodge: Dodged            |    55 |    11 ||    66

Table legend: (Time is in decaauts)
 A = Elapsed time spent in this place.
 B = Non-inter-level travel time spent in this place.
 C = Inter-level travel time spent in this place.
 D = Time resting spent in this place.
 E = Time spent auto-exploring this place.
 F = Levels seen in this place.
 G = Mean time per level.
                   A        B        C        D        E       F      G
               +--------+--------+--------+--------+--------+-----+--------+
         Total |   1357 |   1357 |      0 |    207 |    830 |   2 |  678.5 |
       Dungeon |   1357 |   1357 |      0 |    207 |    830 |   2 |  678.5 |
               +--------+--------+--------+--------+--------+-----+--------+

Top non-repeatable levels by time:
     D:1: 855 daAuts
     D:2: 501 daAuts
